 Dungeon Crawl Stone Soup version 0.25-a0-185-g6cfeca75b2 (webtiles) character file.

Game seed: 16736966246481978921, levelgen mode: deterministic

53340 vurker the Stormcaller (level 14, -2/86 HPs)
             Began as a Tengu Air Elementalist on Nov 27, 2019.
             Was an Elder of Vehumet.
             Killed from afar by an ogre mage (24 damage)
             ... with a bolt of fire
             ... on level 2 of the Orcish Mines.
             The game lasted 01:04:34 (40087 turns).

vurker the Stormcaller (Tengu Air Elementalist)    Turns: 40087, Time: 01:04:34

Health: -2/86      AC:  6    Str:  8    XL:     14   Next: 68%
Magic:  19/31      EV: 15    Int: 24    God:    Vehumet [****..]
Gold:   1516       SH: 10    Dex: 15    Spells: 14/37 levels left

rFire    . . .     SeeInvis .   m - +1 dagger (protect)
rCold    + . .     Gourm    .   J - +0 buckler
rNeg     + . .     Faith    .   f - +2 robe {MR+}
rPois    .         Spirit   .   i - +0 hat {Int+3}
rElec    .         Reflect  +   j - +0 cloak
rCorr    .         Harm     .   w - +0 pair of gloves
MR       ++...                  (boots unavailable)
Stlth    ++........             Q - +5 amulet of reflection
HPRegen  0.24/turn              r - ring of positive energy
MPRegen  0.22/turn              g - ring of protection from cold

@: flying quickly and evasively, quick
A: beak, talons 3, able to fly
a: Stop Flying, Renounce Religion


You were on level 2 of the Orcish Mines.
You worshipped Vehumet.
Vehumet was greatly pleased with you.
You were hungry.

You visited 3 branches of the dungeon, and saw 19 of its levels.
You also visited: Ossuary.

You collected 1516 gold pieces.

Inventory:

Hand Weapons
 b - a +4 dagger
   (You found it on level 8 of the Dungeon)
 m - a +1 dagger of protection (weapon)
   (You took it off a goblin on level 2 of the Dungeon)
Missiles
 N - 2 throwing nets (quivered)
Armour
 f - a +2 robe of magic resistance (worn)
   (You found it on level 1 of the Dungeon)
 i - a +0 hat of intelligence (worn)
   (You took it off Gastronok on level 9 of the Dungeon)
 j - a +0 cloak (worn)
   (You found it on level 2 of the Dungeon)
 w - a +0 pair of gloves (worn)
   (You found it on level 8 of the Dungeon)
 A - a +2 leather armour of cold resistance
   (You took it off an orc priest on level 7 of the Dungeon)
 I - the +1 robe of Xeawkog {rF+ Dex+4 Slay+5 Stlth+}
   (You found it on level 3 of the Lair of Beasts)

   It affects your dexterity (+4).
   It affects your accuracy and damage with ranged weapons and melee attacks
   (+5).
   It protects you from fire.
   It makes you more stealthy.
 J - a +0 buckler (worn)
   (You found it on level 4 of the Lair of Beasts)
Jewellery
 g - a ring of protection from cold (right hand)
   (You took it off a hobgoblin on level 1 of the Dungeon)
 r - a ring of positive energy (left hand)
   (You found it on level 2 of the Dungeon)
 D - an uncursed ring of resist corrosion
   (You found it on level 11 of the Dungeon)
 Q - a +5 amulet of reflection (around neck)
   (You found it on level 6 of the Lair of Beasts)
Wands
 t - a wand of flame (24)
   (You found it on level 10 of the Dungeon)
 u - a wand of paralysis (6)
   (You found it on level 6 of the Dungeon)
 v - a wand of digging (8)
   (You found it on level 10 of the Dungeon)
 y - a wand of polymorph (12)
   (You took it off Terence on level 3 of the Dungeon)
 P - a wand of clouds (7)
   (You found it on level 6 of the Lair of Beasts)
Scrolls
 c - 3 scrolls of teleportation
 o - 5 scrolls of immolation
 p - 4 scrolls of fear
 q - 3 scrolls of enchant armour
 x - 4 scrolls of enchant weapon
 C - 2 scrolls of magic mapping
 F - a scroll of blinking
 H - a scroll of summoning
 K - 4 scrolls of remove curse
 M - a scroll of silence
Potions
 d - 2 potions of ambrosia
 h - 2 potions of cancellation
 k - 10 potions of curing
 l - a potion of resistance
 n - a potion of magic
 s - 4 potions of mutation
 z - 3 potions of haste
 B - 2 potions of lignification
 E - a potion of brilliance
Miscellaneous
 R - a phial of floods
   (You found it on level 6 of the Lair of Beasts)
Comestibles
 e - 20 rations


   Skills:
 + Level 9.6 Fighting
 - Level 2.1 Dodging
 - Level 2.0 Stealth
 - Level 4.0 Shields
 * Level 12.3 Spellcasting
 * Level 16.6 Conjurations
 * Level 16.7 Air Magic


You had 14 spell levels left.
You knew the following spells:

 Your Spells              Type           Power        Failure   Level  Hunger
a - Lightning Bolt        Conj/Air       #######...   1%          5    ###....
b - Orb of Destruction    Conj           #######...   1%          7    ######.
c - Airstrike             Air            #######...   1%          4    None
q - Iskenderun's Battles  Conj/Chrm      ######..     1%          5    ###....
w - Blink                 Tloc           N/A          6%          2    None

Your spell library contained the following spells:

 Spells                   Type           Power        Failure   Level  Hunger
 Lee's Rapid Deconstruct  Erth           ##........   28%         5    ###....
 Magic Dart               Conj           ####         0%          1    None
 Shock                    Conj/Air       ####         0%          1    None
 Static Discharge         Conj/Air       #######.     0%          3    None
 Swiftness                Chrm/Air       ######..     1%          2    None
 Conjure Flame            Conj/Fire      ######..     1%          3    None
 Mephitic Cloud           Conj/Pois/Air  ######..     1%          3    None
 Venom Bolt               Conj/Pois      ######....   1%          5    ###....
 Bolt of Magma            Conj/Fire/Erth #####.....   3%          5    ###....
 Call Imp                 Summ           ##......     6%          2    None
 Slow                     Hex            ##......     6%          2    None
 Iron Shot                Conj/Erth      ######....   6%          6    #####..
 Spellforged Servitor     Conj/Summ      ######....   28%         7    ######.


Dungeon Overview and Level Annotations

Branches:
Dungeon (11/15)            Temple (0/1) D:7            Lair (6/6) D:11
 Shoals (0/4) Lair:4       Spider (0/4) Lair:2        Slime (0/5) Lair:5
    Orc (2/2) D:9         Ossuary (visited)
    Elf: Orc:2

Altars:
Ashenzari
Dithmenos
Elyvilon
Fedhas
Makhleb
Nemelex Xobeh
Vehumet
Xom
The Shining One

Shops:
D:8 %

Annotations:
D:5 2 transporters, Jonno's ghost, novice CeAM
Lair:2 2 runed translucent doors, Bojesaq's ghost, journeyman KoGl
Lair:4 1 runed translucent door


Innate Abilities, Weirdness & Mutations

You have a beak for a mouth.
You have claws for feet.
You can fly continuously.


Message History

Your life force feels restored.
The fiery explosion engulfs the two-headed ogre!!!
The two-headed ogre explodes!
The fiery explosion engulfs the ogre!!
You kill the ogre!
Vehumet accepts your kill.
You feel your power returning. Vehumet accepts your kill.
You feel your power returning. Vehumet accepts your kill. x2
You feel your power returning.
You are engulfed in blazing flames.
* * * LOW HITPOINT WARNING * * *
You hear two shouts! x2; You hear a shout! x3
An ogre comes into view. It is wielding a +0 giant club.
An ogre mage comes into view.
You hear a shout! x2; You hear two shouts!
A two-headed ogre comes into view. It is wielding two +0 giant clubs.
The ogre mage points at the two-headed ogre and mumbles some strange words.
The two-headed ogre seems to speed up.
You hear a shout!
You feel much better.
You hear a shout!
The two-headed ogre is engulfed in blazing flames.
The two-headed ogre is engulfed in blazing flames.
Aim: a two-headed ogre, wielding two +0 giant spiked clubs (flame, heavily wounded, inner flame)
The air twists around and strikes the two-headed ogre!
You hear a shout!
The two-headed ogre is engulfed in blazing flames.
You hear two shouts!
An ogre mage comes into view.
Aim: a two-headed ogre, wielding two +0 giant spiked clubs (flame, almost dead, inner flame)
The air twists around and strikes the two-headed ogre!
The two-headed ogre explodes!
Vehumet accepts your kill.
You feel your power returning.
You hear a shout! x2
The ogre mage is engulfed in blazing flames.
Aim: an ogre mage, wearing a +0 robe (flame, lightly wounded, inner flame)
The air twists around and strikes the ogre mage.
The two-headed ogre is engulfed in blazing flames.
The ogre mage is engulfed in blazing flames.
An ogre comes into view. It is wielding a +0 giant club.
An ogre mage comes into view. It is wielding a +0 club.
Aim: an ogre mage, wearing a +0 robe (flame, heavily wounded, inner flame)
The air twists around and strikes the ogre mage!
The two-headed ogre is engulfed in blazing flames.
The ogre mage is engulfed in blazing flames.
The ogre mage gestures at you while chanting.
The bolt of fire hits you!!
You die...

..# ###%.#
##....# #.....#
####.%...# .
##........#OOO
#.....§§O☼§OOO
#.%.@§☼O§○OOO
#.......§§§§#OOO
##......#§§.#
#.%....%....#
.......#....#
....... ....#
.....#. ..%.#
#...#.. .%.%#
.... ..


.OO #.. You could see 3 two-headed ogres, 4 ogre magi and 3 ogres.

Vanquished Creatures
  Gastronok (D:9)
  A stone giant (Orc:1)
  6 dire elephants (Lair:6)
  3 hydras
  A centaur warrior (D:11)
  A death knight (D:11)
  An anaconda (Lair:6)
  8 two-headed ogres
  2 skeletal warriors (D:11)
  A phantasmal warrior (D:11)
  An orc sorcerer (Orc:1)
  6 oklob plants
  A cyclops (D:11)
  10 elephants
  Joseph (D:9)
  7 black mambas
  A torpor snail (Lair:2)
  6 spiny frogs
  A rime drake (Lair:4)
  7 komodo dragons
  A freezing wraith (D:10)
  2 trolls
  7 polar bears
  Prince Ribbit (D:9)
  16 blink frogs
  Grinder (D:3)
  A hornet (D:9)
  4 hippogriffs
  2 dream sheep (Lair:2)
  5 wyverns
  4 hogs (D:8)
  13 yaks
  2 wraiths (D:11)
  A basilisk (D:11)
  A hungry ghost (D:7)
  A human (D:8)
  A steam dragon (Lair:3)
  A warg (Orc:1)
  Menkaure (D:4)
  4 water moccasins
  An acid dragon (D:11)
  7 porcupines
  9 orc warriors
  2 ice beasts (D:8)
  2 sky beasts
  3 necrophages (D:9)
  2 black bears
  8 ogres
  4 phantoms
  3 wolves (Lair:6)
  9 centaurs
  12 crocodiles
  2 big kobolds
  Blork the orc (D:4)
  13 bullfrogs
  An elf zombie (Ossuary)
  8 scorpions
  21 killer bees
  9 wights
  2 howler monkeys (D:11)
  An electric eel (Lair:6)
  2 crimson imps
  4 jellies
  4 centaur zombies (Ossuary)
  2 bullfrog zombies
  4 hounds
  2 human zombies (Ossuary)
  10 orc priests
  3 bullfrog skeletons
  10 orc wizards
  A centaur skeleton (D:6)
  Ijyb (D:5)
  2 iguanas
  Natasha (twice) (D:4)
  Terence (D:3)
  6 worker ants
  2 big kobold zombies (Ossuary)
  2 hound skeletons
  2 hound zombies
  3 mummies
  2 worker ant zombies
  Robin (D:2)
  7 gnolls
  A howler monkey skeleton (D:5)
  11 adders
  A shadow imp (D:9)
  2 oozes (D:3)
  3 adder skeletons
  2 adder zombies
  7 worms
  3 dart slugs
  8 leopard geckos
  57 orcs
  9 giant cockroaches
  15 goblins
  7 hobgoblins
  10 jackals
  10 kobolds
  6 quokkas
  2 ball pythons
  7 bats
  3 frilled lizards
  A goblin zombie (Ossuary)
  7 hobgoblin zombies (Ossuary)
  7 kobold zombies (Ossuary)
  A leopard gecko zombie (D:7)
  12 orc zombies (Ossuary)
  A quokka skeleton (D:5)
  2 quokka zombies
  6 rats
  6 plants (Lair:6)
535 creatures vanquished.

Vanquished Creatures (others)
  An orc warrior (Orc:1)
  15 fungi
  18 plants
  10 toadstools (Lair:4)
44 creatures vanquished.

Grand Total: 579 creatures vanquished

Notes
Turn   | Place    | Note
-------+----------+-------------------------------------------
     0 | D:1      | vurker the Tengu Air Elementalist began the quest for the
                  | Orb.
     0 | D:1      | Reached XP level 1. HP: 10/10 MP: 4/4
   361 | D:1      | Reached XP level 2. HP: 9/16 MP: 1/6
   585 | D:1      | Reached XP level 3. HP: 9/20 MP: 0/7
  1447 | D:1      | Reached skill level 1 in Fighting
  1480 | D:1      | You fall into a shaft and drop 1 floor!
  1691 | D:2      | Noticed Robin
  1705 | D:2      | Killed Robin
  1705 | D:2      | Reached XP level 4. HP: 21/25 MP: 1/8
  1813 | D:2      | Reached skill level 5 in Air Magic
  2076 | D:2      | You fall into a shaft and drop 1 floor!
  2190 | D:3      | Gained mutation: You can fly continuously. [Tengu growth]
  2190 | D:3      | Reached XP level 5. HP: 29/29 MP: 6/10
  2287 | D:3      | Found a blossoming altar of Fedhas.
  2307 | D:3      | Found a faded altar of an unknown god.
  2604 | D:2      | Found a glowing golden altar of the Shining One.
  2624 | D:2      | Learned a level 5 spell: Lightning Bolt
  3111 | D:3      | Noticed Terence
  3201 | D:3      | Learned a level 4 spell: Airstrike
  3281 | D:3      | Killed Terence
  3460 | D:3      | Noticed Grinder
  3473 | D:3      | Killed Grinder
  3473 | D:3      | Reached XP level 6. HP: 9/35 MP: 0/12
  3764 | D:3      | Reached skill level 5 in Conjurations
  3970 | D:4      | Noticed Blork the orc
  3981 | D:4      | Killed Blork the orc
  3981 | D:4      | Reached XP level 7. HP: 25/40 MP: 5/13
  4107 | D:4      | Noticed Natasha
  4113 | D:4      | Killed Natasha
  4195 | D:4      | Noticed Natasha
  4312 | D:4      | Killed Natasha
  4470 | D:4      | Noticed Menkaure
  4490 | D:4      | Killed Menkaure
  4769 | D:5      | Entered Level 5 of the Dungeon
  4806 | D:5      | Noticed a wyvern
  4910 | D:5      | Killed a wyvern
  4910 | D:5      | Reached XP level 8. HP: 9/46 MP: 2/16
  5273 | D:5      | Found a transporter.
  5278 | D:5      | Found a transporter.
  5328 | D:5      | Noticed Jonno's ghost (novice CeAM)
  5528 | D:5      | Reached skill level 5 in Spellcasting
  5713 | D:5      | Noticed Ijyb
  5716 | D:5      | Killed Ijyb
  6955 | D:6      | Learned a level 2 spell: Blink
  7201 | D:6      | Reached XP level 9. HP: 52/52 MP: 9/18
  7311 | D:6      | Found a shadowy altar of Dithmenos.
  7769 | D:6      | Found a shattered altar of Ashenzari.
  7769 | D:6      | Found a burning altar of Makhleb.
  7770 | D:6      | Found a radiant altar of Vehumet.
  7776 | D:6      | Became a worshipper of Vehumet
  8295 | D:7      | Found a shimmering altar of Xom.
  8730 | D:7      | Found a staircase to the Ecumenical Temple.
  8762 | D:7      | Found a sparkling altar of Nemelex Xobeh.
  9136 | D:7      | Reached * piety under Vehumet
  9136 | D:7      | Offered knowledge of Sting by Vehumet.
  9875 | D:8      | Found a sand-covered staircase.
  9893 | Ossuary  | Entered an ossuary
 10369 | Ossuary  | Reached ** piety under Vehumet
 10369 | Ossuary  | Offered knowledge of Sandblast by Vehumet.
 10429 | Ossuary  | Reached skill level 10 in Air Magic
 10888 | D:8      | Found Egofen's Food Shoppe.
 10912 | D:8      | Reached skill level 5 in Fighting
 10912 | D:8      | Reached XP level 10. HP: 5/59 MP: 7/21
 11404 | D:8      | Reached skill level 10 in Conjurations
 11526 | D:8      | Found a white marble altar of Elyvilon.
 12220 | D:8      | Offered knowledge of Stone Arrow by Vehumet.
 12912 | D:9      | Reached *** piety under Vehumet
 13080 | D:9      | Noticed a two-headed ogre
 13096 | D:9      | Killed a two-headed ogre
 13099 | D:9      | Reached XP level 11. HP: 64/64 MP: 6/24
 13240 | D:9      | Found a sparkling altar of Nemelex Xobeh.
 13423 | D:9      | Noticed Gastronok
 13449 | D:9      | HP: 1/64 [Gastronok/the air (27)]
 13755 | D:9      | Killed Gastronok
 13955 | D:9      | Noticed Prince Ribbit
 13965 | D:9      | Killed Prince Ribbit
 14384 | D:9      | Noticed a two-headed ogre
 14401 | D:9      | Killed a two-headed ogre
 14517 | D:9      | Found a staircase to the Orcish Mines.
 14620 | D:9      | Offered knowledge of Force Lance by Vehumet.
 14944 | D:9      | Noticed Joseph
 15264 | D:9      | Killed Joseph
 15535 | D:10     | Entered Level 10 of the Dungeon
 15879 | D:10     | Got a warped scimitar
 15880 | D:10     | Identified the cursed +0 scimitar "Xyskafeb" {venom, rC++
                  | rN+ Str-4} (You found it on level 10 of the Dungeon)
 16703 | D:11     | Reached **** piety under Vehumet
 16885 | D:11     | Offered knowledge of Ignite Poison by Vehumet.
 17167 | D:11     | Noticed a two-headed ogre
 17578 | D:11     | Killed a two-headed ogre
 17701 | D:11     | Noticed a cyclops
 17705 | D:11     | Killed a cyclops
 17985 | D:11     | Reached XP level 12. HP: 72/72 MP: 5/26
 18448 | D:11     | Noticed a death knight
 18945 | D:11     | Found a staircase to the Lair.
 19217 | D:11     | Noticed a centaur warrior
 20689 | D:11     | Killed a centaur warrior
 20689 | D:11     | Reached skill level 10 in Spellcasting
 21432 | D:11     | Found a staircase to the Lair.
 21587 | D:11     | Killed a death knight
 22317 | D:11     | Found a staircase to the Lair.
 22455 | Lair:1   | Entered Level 1 of the Lair of Beasts
 23178 | Lair:1   | Got a scorched broad axe
 23179 | Lair:1   | Identified the +2 broad axe "Iges" {drain, *Drain rElec
                  | MR++} (You found it on level 1 of the Lair of Beasts)
 23935 | Lair:2   | Found a large runed translucent door.
 23936 | Lair:2   | Found a large runed translucent door.
 24246 | Lair:2   | Found a hole to the Spider Nest.
 24722 | Lair:2   | Noticed Bojesaq's ghost (journeyman KoGl)
 25745 | Lair:3   | Reached XP level 13. HP: 78/78 MP: 16/28
 26061 | Lair:3   | Got an ichor-stained robe
 26072 | Lair:3   | Identified the cursed +1 robe of Xeawkog {rF+ Dex+4 Slay+5
                  | Stlth+} (You found it on level 3 of the Lair of Beasts)
 27144 | Lair:4   | Found a staircase to the Shoals.
 27196 | Lair:4   | Reached skill level 15 in Air Magic
 27930 | Lair:4   | Reached skill level 1 in Shields
 28777 | Lair:4   | Found a runed translucent door.
 28852 | Lair:4   | Reached skill level 15 in Conjurations
 30383 | Lair:5   | Reached ***** piety under Vehumet
 30696 | Lair:5   | Found a staircase to the Slime Pits.
 31974 | Lair:6   | Entered Level 6 of the Lair of Beasts
 34017 | Lair:6   | Learned a level 5 spell: Iskenderun's Battlesphere
 34065 | Lair:6   | Offered knowledge of Lee's Rapid Deconstruction by Vehumet.
 34246 | Lair:5   | Learned a level 7 spell: Orb of Destruction
 34381 | Lair:6   | Reached XP level 14. HP: 82/86 MP: 7/30
 36478 | Lair:6   | Noticed a dire elephant
 36851 | Lair:6   | Noticed a dire elephant
 36866 | Lair:6   | Killed a dire elephant
 36870 | Lair:6   | Noticed a dire elephant
 36875 | Lair:6   | Killed a dire elephant
 36973 | Lair:6   | Killed a dire elephant
 37364 | Lair:6   | Noticed a dire elephant
 37405 | Lair:6   | Killed a dire elephant
 38031 | Lair:6   | Noticed a dire elephant
 38031 | Lair:6   | Noticed a dire elephant
 38043 | Lair:6   | Killed a dire elephant
 38094 | Lair:6   | Killed a dire elephant
 38570 | Orc:1    | Entered Level 1 of the Orcish Mines
 38838 | Orc:2    | Entered Level 2 of the Orcish Mines
 39338 | Orc:1    | Noticed a stone giant
 39345 | Orc:1    | Killed a stone giant
 40080 | Orc:2    | HP: 2/86 [cloud of flame (21)]
 40087 | Orc:2    | Killed from afar by an ogre mage

Levels and vault maps discovered:
D:1:      saegor_arrival_simple_e, layout_basic
D:2:      layout_loops_ring, lemuel_doored_altar, first_ration, uniq_robin
D:3:      layout_rooms, lemuel_crystal_altar, chequers_ecumenical_altar_island,
          chequers_mini_garden, uniq_grinder, uniq_terence
D:4:      layout_rooms, uniq_blork_the_orc, uniq_natasha, uniq_menkaure
D:5:      layout_cave_pools, gammafunk_ghost_gnarly_gnolls,
          minmay_increasing_density, uniq_ijyb
D:6:      layout_basic, nicolae_dithmenos_the_darkroom,
          gammafunk_temple_overflow_claw
D:7:      layout_layer_cave, nicolae_overflow_crystal_walls,
          minmay_temple_entry_glass, basic_altar
D:8:      layout_basic, lemuel_coloured_pillars_altar, serial_shops, shop,
          nicolae_ossuary_entry_monument, grunt_livestock, grunt_ministairs_10,
          eino_jars
D:9:      layout_grid_maze, orc_0_dummy, serial_undead, serial_undead_f,
          serial_undead_a, serial_undead_c, serial_undead_f, serial_undead_b,
          basic_altar, kennysheep_generic_room_15, uniq_prince_ribbit1,
          uniq_gastronok, uniq_joseph
D:10:     layout_loops_ring
D:11:     layout_irregular_city, erik_lair_dragon
Lair:1:   layout_hall_layers
Lair:2:   wander_river, layout_concentric_octagons,
          nicolae_spider_entry_non_spiders, ebering_ghost_disaster_area
Lair:3:   layout_gridlike, serial_bayou_shore_a, infiniplex_staircase_pool_2
Lair:4:   gammafunk_lair_enchanted_lake, layout_regular_city,
          minmay_shoals_entry_centaurs, beast_lair_carwin_4
Lair:5:   layout_cave_pods, minmay_slime_entry_oklob_open,
          cheibrodos_lair_lostbears, lemuel_fruit_tree, grunt_megastairs_5,
          serial_bayou_shore_b, serial_bayou_shore_b
Lair:6:   due_jungle_book, layout_regular_city, infiniplex_staircase_pool,
          minmay_lair_oklob_chamber, serial_bayou_shore_b
Orc:1:    layout_caves, serial_shops
Orc:2:    st_orc_ogre_mass, layout_caves, nicolae_orc_stony_grotto,
          minmay_orc_temple_b

Skill      XL: |  1  2  3  4  5  6  7  8  9 10 11 12 13 14 |
---------------+-------------------------------------------+-----
Conjurations   | 2 3 4 5 6 7 9 11 12 14 15 16 | 16.6
Fighting       | 1 2 3 4 5 6 7 8 9 |  9.6
Air Magic      | 5 6 7 8 10 11 13 14 15 16 | 16.7
Spellcasting   | 3 4 5 7 8 9 10 11 12 | 12.3
Shields        | 3 4 |  4.0
Dodging        | |  2.1
Stealth        | |  2.0

Action                   |  1- 3 |  4- 6 |  7- 9 | 10-12 | 13-15 || total
-------------------------+-------+-------+-------+-------+-------++-------
Melee: Unarmed           |     7 |     3 |       |       |       ||    10
       Peck              |     2 |     4 |     2 |     3 |   114 ||   125
       Kick              |     1 |     3 |     3 |    14 |   158 ||   179
       Dagger            |       |     6 |    16 |    36 |   387 ||   445
 Cast: Shock             |    76 |    98 |   409 |   178 |     4 ||   765
       Airstrike         |       |     1 |    35 |   343 |   426 ||   805
       Lightning Bolt    |       |       |       |    17 |    15 ||    32
       Iskenderun's Batt |       |       |       |       |    11 ||    11
       Orb of Destructio |       |       |       |       |    30 ||    30
 Abil: Fly               |       |     1 |       |     1 |       ||     2
       Stop Flying       |       |       |       |     1 |       ||     1
Evoke: Wand              |       |       |     1 |     9 |     5 ||    15
  Use: Scroll            |       |    11 |     8 |     9 |    13 ||    41
       Potion            |       |       |       |     1 |     3 ||     4
  Eat: Chunk             |     3 |     7 |    18 |    34 |    28 ||    90
       Ration            |       |       |     2 |     8 |     9 ||    19
Armor: Robe              |     4 |     2 |    12 |    24 |    45 ||    87
       Leather armour    |       |       |    16 |       |       ||    16
Dodge: Dodged            |     8 |    18 |    95 |   133 |   135 ||   389
Block: Buckler           |       |       |       |       |    33 ||    33
       Reflection        |       |       |       |       |     3 ||     3

Table legend:
 A = Non-vault XP
 B = Vault XP
 C = Vault XP percentage of total XP
 D = Non-vault monster count
 E = Vault monster count
 F = Vault count percentage of total count
                 A         B        C        D         E       F
            +---------+---------+-------+---------+---------+-------
      Total |   49913 |   26288 |  34.5 |     388 |     142 |  26.8
            +---------+---------+-------+---------+---------+-------
        D:1 |      62 |       0 |   0.0 |      25 |       0 |   0.0
        D:2 |      69 |      34 |  33.0 |      15 |      11 |  42.3
        D:3 |      83 |     313 |  79.0 |      22 |       2 |   8.3
        D:4 |     120 |     281 |  70.1 |       9 |       3 |  25.0
        D:5 |     979 |     255 |  20.7 |      31 |       6 |  16.2
        D:6 |     594 |       0 |   0.0 |      19 |       0 |   0.0
        D:7 |     914 |       0 |   0.0 |      29 |       0 |   0.0
        D:8 |    1277 |    1678 |  56.8 |      21 |      14 |  40.0
        D:9 |    3235 |    3482 |  51.8 |      32 |      10 |  23.8
       D:10 |    1287 |       0 |   0.0 |      18 |       0 |   0.0
       D:11 |    8866 |     953 |   9.7 |      44 |       6 |  12.0
     Lair:1 |    3340 |       0 |   0.0 |      12 |       0 |   0.0
     Lair:2 |    1668 |     160 |   8.8 |       7 |       8 |  53.3
     Lair:3 |    3484 |     259 |   6.9 |      15 |       1 |   6.2
     Lair:4 |    3689 |    4229 |  53.4 |      16 |      15 |  48.4
     Lair:5 |    1851 |    3142 |  62.9 |      10 |       8 |  44.4
     Lair:6 |   14620 |    6326 |  30.2 |      29 |      12 |  29.3
      Orc:1 |    3653 |       0 |   0.0 |      33 |       0 |   0.0
      Orc:2 |     122 |    4695 |  97.5 |       1 |       7 |  87.5
    Ossuary |       0 |     481 | 100.0 |       0 |      39 | 100.0
            +---------+---------+-------+---------+---------+-------
